 Dungeon Crawl Stone Soup version 0.30.0-29-ga12c61a403 (webtiles) character file.

Game seed: 1252285742692892759

14 FallenXxXSky the Covert (level 2, -2/29 HPs)
             Began as a Gnoll Delver on June 15, 2023.
             Slain by Ijyb
             ... wielding a +2 dagger of speed
              (5 damage)
             ... on level 3 of the Dungeon.
             The game lasted 00:02:21 (380 turns).

FallenXxXSky the Covert (Gnoll Delver)               Turns: 380, Time: 00:02:22

Health: -2/29      AC:  5    Str: 11    XL:     2   Next: 41%
Magic:  2/2        EV: 11    Int:  9    God:
Gold:   25         SH:  0    Dex: 13    Spells: 1/1 levels left

rFire   . . .        a - +0 hand axe
rCold   . . .        (no shield)
rNeg    . . .        d - +0 ring mail
rPois   .            (no helmet)
rElec   .            (no cloak)
rCorr   .            (no gloves)
SInv    .            (no boots)
Will    .....        (no amulet)
Stlth   +            (no ring)
HPRegen 0.24/turn    (no ring)
MPRegen 0.08/turn

%: no passive effects
@: confused
A: fangs 1, strong nose, distributed training
a: no special abilities


You were on level 3 of the Dungeon.
You visited 1 branch of the dungeon, and saw 5 of its levels.

You collected 25 gold pieces.

Inventory:

Hand Weapons
 a - a +0 hand axe (weapon)
Armour
 d - a +0 ring mail (worn)
Wands
 b - a wand of flame (18)
 g - a wand of digging (3)
Scrolls
 c - 2 scrolls of fog
 e - a scroll of fear
 h - a scroll of identify {unknown}
Potions
 f - a potion of haste


   Skills:
 + Level 6.5 Fighting
 + Level 0.4 Short Blades
 + Level 0.4 Long Blades
 + Level 4.5 Axes
 + Level 0.4 Maces & Flails
 + Level 0.4 Polearms
 + Level 0.4 Staves
 + Level 0.4 Ranged Weapons
 + Level 0.4 Throwing
 + Level 0.4 Armour
 + Level 4.5 Dodging
 + Level 9.5 Stealth
 + Level 0.4 Shields
 + Level 0.4 Unarmed Combat
 + Level 0.4 Spellcasting
 + Level 0.2 Conjurations
 + Level 0.2 Hexes
 + Level 0.2 Summonings
 + Level 0.2 Necromancy
 + Level 0.2 Translocations
 + Level 0.2 Transmutations
 + Level 0.2 Fire Magic
 + Level 0.2 Ice Magic
 + Level 0.2 Air Magic
 + Level 0.2 Earth Magic
 + Level 0.2 Poison Magic
 + Level 0.5 Invocations
 + Level 0.4 Evocations


You had one spell level left.
You didn't know any spells.
Your spell library was empty.

Dungeon Overview and Level Annotations

Branches:
Dungeon (6/15)
 Temple: D:4-7

Altars:
Nemelex Xobeh

Annotations:
D:3 Ijyb


Innate Abilities, Weirdness & Mutations

You have very sharp teeth.
Your uncanny sense of smell can sniff out nearby items.
Your experience applies equally to all skills.


Message History

Ijyb completely misses you.
You hit Ijyb.
Ijyb is lightly wounded.
Ijyb completely misses you.
You hit Ijyb but do no damage.
Ijyb is lightly wounded.
Ijyb closely misses you.
Ijyb zaps a wand.
Your will is overpowered!
You are more confused.
You hit Ijyb.
Ijyb is lightly wounded.
Ijyb zaps a wand.
You resist with significant effort.
You hit Ijyb but do no damage.
Ijyb is lightly wounded.
Ijyb zaps a wand.
You resist with significant effort.
You're too confused to attack without stumbling around!
You're too confused to attack without stumbling around!
You hit Ijyb.
Ijyb is moderately wounded.
Ijyb barely misses you. x2
You hit Ijyb but do no damage.
Ijyb is moderately wounded.
Ijyb zaps a wand.
You resist with significant effort.
You hit Ijyb but do no damage.
Ijyb is moderately wounded.
Ijyb hits you with a +2 dagger of speed.
You hit Ijyb but do no damage.
Ijyb is moderately wounded.
Ijyb zaps a wand.
Your will is overpowered!
You are more confused.
The now-empty wand crumbles to dust.
Ijyb hits you with a +2 dagger of speed.
Ijyb barely misses you.
Ijyb hits you with a +2 dagger of speed.
* * * LOW HITPOINT WARNING * * *
Ijyb hits you with a +2 dagger of speed.
* * * LOW HITPOINT WARNING * * *
You closely miss Ijyb.
Ijyb is moderately wounded.
Ijyb hits you with a +2 dagger of speed.
You die...

## #.....# ..# .##
..###.#.#.########..#
................[.......##
.# #.#...................#
.# #.#..#................
.###.#...............#
.##..#$#$...).....>#
.##.#..#...........#
.#....#.........@..#
................g.##
)..................#
...................#
............<........!
......$............#..!.
...................#....
#........#....$....# ...
....####...........# .#.


You could see Ijyb.

Vanquished Creatures
  An adder (D:2)
  A giant cockroach (D:2)
  A goblin (D:3)
  A kobold (D:2)
  A ball python (D:2)
5 creatures vanquished.

Notes
Turn   | Place    | Note
-------+----------+-------------------------------------------
     0 | D:5      | Reached skill level 9 in Stealth
     0 | D:5      | FallenXxXSky the Gnoll Delver began the quest for the Orb.
     0 | D:5      | Reached XP level 1. HP: 23/23 MP: 1/1
    20 | D:5      | Noticed an iguana
    47 | D:6      | Noticed a water moccasin
   108 | D:4      | Noticed an iguana
   126 | D:2      | Found a sparkling altar of Nemelex Xobeh.
   145 | D:2      | Reached XP level 2. HP: 8/29 MP: 2/2
   315 | D:3      | Noticed Ijyb
   380 | D:3      | Slain by Ijyb

Illustrated notes

Levels and vault maps discovered:
D:2:      minmay_evil_eye, layout_rooms, serial_shops, shop, basic_altar,
          uniq_natasha
D:3:      layout_rooms, uniq_ijyb, uniq_jessica
D:4:      layout_layer_cave
D:5:      layout_gridville, nicolae_gozag_seed_capital, serial_shops, shop,
          guppyfry_early_lair_pool
D:6:      layout_gridville, minmay_temple_entry_water_ring, serial_shops,
          nicolae_shop_crystal

Skill      XL: | |
---------------+-+-----
Stealth        | |  9.5
Fighting       | |  6.5
Short Blades   | |  0.4
Long Blades    | |  0.4
Axes           | |  4.5
Maces & Flails | |  0.4
Polearms       | |  0.4
Staves         | |  0.4
Ranged Weapons | |  0.4
Throwing       | |  0.4
Armour         | |  0.4
Dodging        | |  4.5
Shields        | |  0.4
Unarmed Combat | |  0.4
Spellcasting   | |  0.4
Conjurations   | |  0.2
Hexes          | |  0.2
Summonings     | |  0.2
Necromancy     | |  0.2
Translocations | |  0.2
Transmutations | |  0.2
Fire Magic     | |  0.2
Ice Magic      | |  0.2
Air Magic      | |  0.2
Earth Magic    | |  0.2
Poison Magic   | |  0.2
Invocations    | |  0.5
Evocations     | |  0.4

Action                     || total
---------------------------++-------
  Melee: Hand axe          ||    49
         Bite              ||     5
         Punch             ||     1
    Use: Scroll            ||     1
   Stab: Sleeping          ||     1
 Armour: Leather armour    ||     7
         Ring mail         ||     4
  Dodge: Dodged            ||    45
